 Dungeon Crawl Stone Soup version 0.28-a0-474-g535839065c (webtiles) character file.

Game seed: 12520580894874635080

0 spiderkeys the Skirmisher (level 1, -1/16 HPs)
             Began as an Octopode Abyssal Knight on Sept 15, 2021.
             Was a Follower of Lugonu.
             Slain by a spatial maelstrom (3 damage)
             ... on level 2 of the Abyss.
             The game lasted 00:01:00 (176 turns).

spiderkeys the Skirmisher (Octopode Abyssal Knight)  Turns: 176, Time: 00:01:00

Health: -1/16      AC:  1    Str: 11    XL:     1   Next: 0%
Magic:  2/2        EV: 13    Int: 14    God:    Lugonu [*.....]
Gold:   61         SH:  0    Dex: 11    Spells: 0/0 levels left

rFire   . . .      SeeInvis .   a - +1 spear
rCold   . . .      Faith    .   (no shield)
rNeg    . . .      Spirit   .   (helmet restricted)
rPois   .          Reflect  .   (no amulet)
rElec   .          Harm     .   (no ring)
rCorr   .          Rampage  .   (no ring)
Will    .....                   (no ring)
Stlth   ++........              (no ring)
HPRegen 0.05/turn               (no ring)
MPRegen 0.08/turn               (no ring)
                                (no ring)
                                (no ring)

@: no status effects
A: almost no armour, amphibious, 8 rings, camouflage 1, gelatinous body 1,
(nimble swimmer 1), tentacles
a: Renounce Religion, Depart the Abyss


You were on level 2 of the Abyss.
You worshipped Lugonu.
Lugonu was aware of your devotion.
You visited 0 branches of the dungeon, and saw 0 of its levels.
You visited the Abyss 1 time.

You collected 61 gold pieces.


Innate Abilities, Weirdness & Mutations

You cannot wear most types of armour.
You are amphibious.
You can wear up to eight rings at the same time.
Your skin changes colour to match your surroundings (Stealth+).
Your rubbery body absorbs attacks. (AC +1, EV +1)
((You are camouflaged near water. (Stealth+)))
You have tentacles for arms and can constrict up to eight enemies at once.


   Skills:
 + Level 3.0 Fighting
 + Level 2.0 Polearms
 + Level 2.3 Dodging
 + Level 2.0 Invocations


You couldn't memorise any spells.
You didn't know any spells.
Your spell library was empty.

Inventory:

Hand Weapons
 a - a +1 spear (weapon)
Jewellery
 d - a ring of willpower
   (You found it on level 2 of the Abyss)
Potions
 b - a potion of mutation {unknown}

Dungeon Overview and Level Annotations

Branches:
Dungeon (0/15)

Altars:

Annotations:
Abyss:2 2 transporters

#ppCX###.#X...#
..X.###.#.#..##
*.XpX.....####
X3p#©..X. ..
..X##...##.#.#
..z.###X..###.#
##. ###.v...#
## #z#.v#...#
=m#.@# .#...
..##....## ##
## ##...# ..#.#
..#.# ....#.
...# #. ##..#
.#


You could see 2 tentacled monstrosities, a tentacled starspawn, a spatial
maelstrom and a spatial vortex (wandering).


Message History

🤖 Initializing magus.rc ...
Options error: Delay interrupt name "hungry" not recognised. (~/.crawlrc:4988) ✅ Successfully initialized magus.rc [v1.9.10] Welcome, spiderkeys the Octopode Abyssal Knight.
It is said that the Orb of Zot exists deep within this dungeon.
Lugonu says: Depart the Abyss and spread corruption, my servant! (use the ability menu to exit the Abyss) Press ? for a list of commands and other information.
Found a metallic yellow potion.
Found two corrupted altars of Lugonu.
b - a metallic yellow potion Unknown command.
Found a gateway leading out of the Abyss.
A large abomination comes into view.
Unknown command.
Found a gateway leading deeper into the Abyss.
There is a gateway leading deeper into the Abyss here.
You plunge deeper into the Abyss.
Found a gateway leading deeper into the Abyss.
You now have 23 gold pieces.
c - a scroll labelled MIFOLO MA EWOU
d - a ring of willpower
e - a scroll labelled ZOEMONN RINLOU
As you read the scroll labelled MIFOLO MA EWOU, it crumbles to dust.
It is a scroll of enchant armour.
You aren't carrying any armour which can be enchanted further.
As you read the scroll labelled ZOEMONN RINLOU, it crumbles to dust.
The air around you briefly surges with heat, but it dissipates.
It was a scroll of immolation.
A tentacled starspawn comes into view.
A tentacle flies out from the starspawn's body!
A starspawn tentacle comes into view.
The starspawn tentacle grabs you. The starspawn tentacle constricts you.
A starspawn tentacle comes into view. 😕 HP[-3]
You take 3 damage, and now have 13/16 hp.
You escape the starspawn tentacle's grasp. 😕 HP[+1]
An iron imp comes into view. 😕 HP[+1] 2 starspawn tentacles come into view.
A small abomination comes into view.
You see here 38 gold pieces.
You now have 61 gold pieces (gained 38).
The iron imp shouts, "Return whence thou came, thou odious weather-bitten whey-face!"
The iron imp lashes its tail.
The iron imp shouts, "Get thee gone, thou peeagling toad-spotted lewdster!"
A tentacle flies out from the starspawn's body!
A starspawn tentacle comes into view. 😎 HP[+1]
Your hp is fully restored (16).
The flying skull gives a hideous shriek!
You hear a roar!
A cyclops comes into view.
A starcursed mass comes into view.
A starcursed mass, a tentacled monstrosity and a wight come into view.
The cyclops changes into a water nymph!
A ynoxinul comes into view.
A spatial vortex comes into view.
A cyclops and a tentacled starspawn come into view.
Found a puce potion.
Found a corrupted altar of Lugonu.
A worldbinder comes into view.
A large abomination comes into view.
A tentacle flies out from the starspawn's body!
A tentacled starspawn comes into view.
A spatial vortex and a starspawn tentacle come into view.
An ice beast comes into view.
A lurking horror comes into view.
The worldbinder calls forth creatures from the Vaults!
The spatial maelstrom hits you. Space bends around you.
* * * LOW HITPOINT WARNING * * *
The spatial maelstrom closely misses you.
The vault sentinel blows a loud note on a signal horn!
You hear a bellow! 😨 HP[-8]
You take 8 damage, and now have 8/16 hp.
MASSIVE DAMAGE!! (PAUSE)
A spatial vortex comes into view.
The spatial maelstrom hits you.
* * * LOW HITPOINT WARNING * * *
Space bends around you.
You die...

Action                   || total
-------------------------++-------
  Use: Scroll            ||     2
Dodge: Dodged            ||     1

Levels and vault maps discovered:
Abyss:2:  base: Temple, minivault_1, minivault_1, gammafunk_corrupted_shrine

Notes
Turn   | Place    | Note
-------+----------+-------------------------------------------
     0 | Abyss:1  | spiderkeys the Octopode Abyssal Knight began the quest for
                  | the Orb.
     0 | Abyss:1  | Reached XP level 1. HP: 16/16 MP: 2/2
     0 | Abyss:1  | magus.rc [v1.9.10]
    39 | Abyss:1  | Noticed a large abomination
   111 | Abyss:2  | Noticed a tentacled starspawn
   133 | Abyss:2  | Noticed an iron imp
   141 | Abyss:2  | Killed a small abomination
   142 | Abyss:2  | Noticed a small abomination
   168 | Abyss:2  | Noticed a flying skull
   169 | Abyss:2  | Found a transporter.
   169 | Abyss:2  | Noticed a tentacled monstrosity
   169 | Abyss:2  | Noticed a cyclops
   169 | Abyss:2  | Noticed a starcursed mass
   170 | Abyss:2  | Found a transporter.
   170 | Abyss:2  | Noticed a spatial maelstrom
   170 | Abyss:2  | Noticed a starcursed mass
   170 | Abyss:2  | Noticed a tentacled monstrosity
   170 | Abyss:2  | Noticed a wight
   170 | Abyss:2  | Noticed a water nymph
   170 | Abyss:2  | a cyclops changed into a water nymph
   170 | Abyss:2  | Noticed a ynoxinul
   171 | Abyss:2  | Noticed a spatial vortex
   171 | Abyss:2  | Found a corrupted altar of Lugonu.
   171 | Abyss:2  | Noticed a tentacled starspawn
   171 | Abyss:2  | Noticed a cyclops
   171 | Abyss:2  | Noticed a worldbinder
   171 | Abyss:2  | Noticed a large abomination
   171 | Abyss:2  | Noticed a tentacled starspawn
   172 | Abyss:2  | Noticed a spatial vortex
   172 | Abyss:2  | Noticed an ice beast
   173 | Abyss:2  | Noticed an ironbound preserver
   173 | Abyss:2  | Noticed a vault sentinel
   173 | Abyss:2  | Noticed a vault sentinel
   176 | Abyss:2  | Noticed a spatial vortex
   176 | Abyss:2  | HP: 2/16 [spatial maelstrom (6)]
   176 | Abyss:2  | Slain by a spatial maelstrom

Vanquished Creatures (others)
  A small abomination (Abyss:2)
  9 starspawn tentacles (Abyss:2)
10 creatures vanquished.

Table legend:
 A = Non-vault XP
 B = Vault XP
 C = Vault XP percentage of total XP
 D = Non-vault monster count
 E = Vault monster count
 F = Vault count percentage of total count
                 A         B        C        D         E       F
            +---------+---------+-------+---------+---------+-------
      Total |       0 |       0 |   N/A |       0 |       0 |  -nan
            +---------+---------+-------+---------+---------+-------
            +---------+---------+-------+---------+---------+-------

Illustrated notes

Table legend: (Time is in decaauts)
 A = Elapsed time spent in this place.
 B = Non-inter-level travel time spent in this place.
 C = Inter-level travel time spent in this place.
 D = Time resting spent in this place.
 E = Time spent auto-exploring this place.
 F = Levels seen in this place.
 G = Mean time per level.
                   A        B        C        D        E       F      G
               +--------+--------+--------+--------+--------+-----+--------+
         Total |    175 |    175 |      0 |      0 |     37 |   2 |   87.5 |
         Abyss |    175 |    175 |      0 |      0 |     37 |   2 |   87.5 |
               +--------+--------+--------+--------+--------+-----+--------+

Top non-repeatable levels by time:
 Abyss:2: 110 daAuts
 Abyss:1: 65 daAuts
